 Dungeon Crawl Stone Soup version 0.26.1-11-gd32895ea62 (webtiles) character file.

Game seed: 14459400270580574650

20948 Shurus the Fighter (level 12, -7/118 HPs)
             Began as a Minotaur Berserker on Apr 23, 2021.
             Was a High Priest of Trog.
             Mangled by a boulder beetle (12 damage)
             ... on level 10 of the Dungeon on Apr 24, 2021.
             The game lasted 02:29:15 (21402 turns).

Shurus the Fighter (Minotaur Berserker)            Turns: 21402, Time: 02:29:16

Health: -7/118     AC: 19    Str: 25    XL:     12   Next: 49%
Magic:  11/11      EV: 13    Int:  4    God:    Trog [*****.]
Gold:   1570       SH:  0    Dex: 12    Spells: 11/11 levels left

rFire    . . .     SeeInvis .   P - +2 battleaxe (flame)
rCold    . . .     Faith    .   (shield currently unavailable)
rNeg     . . .     Spirit   .   b - +3 chain mail
rPois    .         Reflect  .   (helmet restricted)
rElec    .         Harm     .   J - +0 cloak
rCorr    +         Rampage  .   H - +0 pair of gloves
Will     .....                  (no boots)
Stlth    ..........             p - amulet of the acrobat
HPRegen  0.29/turn              e - ring of resist corrosion
MPRegen  0.12/turn              (no ring)

@: invisible
A: retaliatory headbutt, horns 2
a: Renounce Religion, Berserk, Trog's Hand, Brothers in Arms


You were on level 10 of the Dungeon.
You worshipped Trog.
Trog was extremely pleased with you.
You visited 3 branches of the dungeon, and saw 14 of its levels.

You collected 1570 gold pieces.

Inventory:

Hand Weapons
 g - a +2 flail of protection
 y - a +4 war axe
 B - a +2 short sword of draining
 I - a +4 quarterstaff of chaos
 P - a +2 battleaxe of flaming (weapon)
 U - a +5 spear of venom
 Y - a cursed +5 morningstar of freezing
Missiles
 l - 54 poisoned darts
 n - 226 stones (quivered)
 x - 7 datura-tipped darts
 A - 6 javelins
 V - 28 boomerangs
Armour
 a - a +2 kite shield
 b - a +3 chain mail (worn)
 h - a scarf of shadows
 i - a +1 chain mail of willpower
 v - a +0 chain mail of willpower
 w - a +1 pair of boots
 G - the +7 tower shield of Context {rF+, unknown}
   (You found it on level 1 of the Lair of Beasts)

   It protects you from fire.
 H - a +0 pair of gloves (worn)
 J - a +0 cloak (worn)
 K - a +1 robe of fire resistance
 N - +0 swamp dragon scales
 Q - a +1 cloak
Jewellery
 e - a ring of resist corrosion (left hand)
 p - an amulet of the acrobat (around neck)
 z - an uncursed ring of resist corrosion
 C - an uncursed amulet of guardian spirit {unknown}
 S - an uncursed ring of protection from cold {unknown}
Wands
 j - a wand of disintegration (23)
 u - a wand of random effects (18)
 O - a wand of iceblast (11)
 T - a wand of enslavement (23)
 X - a wand of digging (7)
Scrolls
 o - 5 scrolls of teleportation
 r - 4 scrolls of remove curse
 D - 2 scrolls of fog
 M - a scroll of magic mapping
 W - a scroll of immolation
 Z - a scroll of summoning
Potions
 c - a potion of resistance {unknown}
 d - 2 potions of ambrosia {unknown}
 f - a potion of invisibility
 k - 4 potions of haste
 m - 2 potions of berserk rage {unknown}
 q - 3 potions of cancellation
 s - a potion of curing
 t - 2 potions of brilliance {unknown}
 E - 2 potions of attraction {unknown}
 F - 2 potions of magic
 L - a potion of mutation {unknown}
 R - a potion of flight {unknown}


   Skills:
 * Level 14.4 Fighting
 + Level 10.8 Axes
 * Level 14.1 Armour
 + Level 9.7 Dodging


You had 11 spell levels left.
You didn't know any spells.
Your spell library was empty.

Dungeon Overview and Level Annotations

Branches:
Dungeon (11/15)            Temple (0/1) D:4            Lair (1/6) D:9
    Orc (2/2) D:9             Elf (0/3) Orc:2

Altars:
Fedhas
Gozag
Trog
Vehumet
Xom

Shops:
Orc:1 *   Orc:2 :[(}

Annotations:
D:10 exclusion: oklob plant


Innate Abilities, Weirdness & Mutations

You reflexively headbutt those who attack you in melee.
You have a pair of horns on your head.


Message History

The boulder beetle hits you but does no damage.
The boulder beetle stops rolling and uncurls.
The boulder beetle curls into a ball and begins rolling!
The boulder beetle closely misses you.
The boulder beetle stops rolling and uncurls.
There is a stone staircase leading up here.
The boulder beetle bites you!
* * * LOW HITPOINT WARNING * * *
You climb upwards.
Level annotation: exclusion: oklob plant
There is a stone staircase leading down here.
You fail to use your ability.
The boulder beetle bites you!
* * * LOW HITPOINT WARNING * * *
Press: ? - help, v - describe, . - travel
Here: a boulder beetle The floor.
Unknown command.
You fade into invisibility!
The boulder beetle bites you!
You die...

########
.......###########
.......).......B@#
.......###.......#########
.:.....# #.####..#.......#
.......#
#.####..#.#####.###
.......#
#....#..#..†.<#...#
.......#
####.#..#..######.#
.......# #..............#
#####.## ###....##..#####
#.# #######...).#...#


You could see a boulder beetle.

Vanquished Creatures
  The ghost of Almogavar the Cleaver, a journeyman HOFi of Okawaru (Orc:1)
  A centaur warrior (Orc:2)
  3 two-headed ogres
  3 orc knights
  Pikel (D:5)
  A cyclops (D:11)
  An ugly thing (D:11)
  Maurice (Orc:2)
  Maggie (D:6)
  A troll (D:11)
  Grinder (D:5)
  3 yaks (D:11)
  A wyvern (D:8)
  Edmund (D:5)
  8 wargs (Orc:1)
  Duvessa (D:6)
  3 sky beasts
  3 black bears
  40 orc warriors
  2 ice beasts (D:6)
  4 phantoms
  14 ogres
  4 wolves (Orc:1)
  9 centaurs
  4 lemures (D:5)
  A big kobold (D:7)
  Blork the orc (D:6)
  3 bullfrogs
  Dowan (D:6)
  A water moccasin zombie (D:8)
  3 scorpions
  17 killer bees
  13 wights
  An electric eel (D:11)
  7 hounds
  4 jellies
  3 centaur skeletons
  11 orc priests
  Crazy Yiuf (D:5)
  A bullfrog skeleton (D:7)
  Terence (D:2)
  3 iguanas
  16 orc wizards
  5 worker ants
  A killer bee zombie (D:9)
  2 hound skeletons
  2 hound zombies
  A worker ant zombie (D:6)
  7 adders
  5 gnolls
  A howler monkey skeleton (D:10)
  3 shadow imps
  3 white imps
  5 oozes
  An adder zombie (D:8)
  2 adder skeletons
  4 worms
  2 dart slugs (D:1)
  5 leopard geckos
  68 orcs
  5 giant cockroaches
  7 goblins
  7 hobgoblins
  8 jackals
  12 kobolds
  3 quokkas
  A ball python (D:3)
  9 bats
  6 frilled lizards
  A giant cockroach zombie (D:6)
  A leopard gecko zombie (D:5)
  18 rats
  3 bushes (D:10)
398 creatures vanquished.

Vanquished Creatures (collateral kills)
  Nessos (Orc:1)
  A two-headed ogre (Orc:1)
  An orc knight (Orc:1)
  A troll (D:9)
  2 orc warriors
  2 ogres
  2 gnoll sergeants (D:9)
  An orc wizard (Orc:1)
  A gnoll (D:9)
12 creatures vanquished.

Vanquished Creatures (others)
  An orc wizard (Orc:1)
  2 orcs (Orc:2)
  2 jackals (D:11)
  11 fungi (D:10)
  36 plants (D:10)
52 creatures vanquished.

Grand Total: 462 creatures vanquished

Notes
Turn   | Place    | Note
-------+----------+-------------------------------------------
     0 | D:1      | Shurus the Minotaur Berserker began the quest for the Orb.
     0 | D:1      | Reached XP level 1. HP: 19/19 MP: 0/0
   420 | D:1      | Reached XP level 2. HP: 27/27 MP: 1/1
  1309 | D:2      | Reached XP level 3. HP: 33/33 MP: 2/2
  1329 | D:2      | Reached XP level 4. HP: 15/41 MP: 3/3
  2039 | D:2      | Noticed Terence
  2048 | D:2      | Killed Terence
  2050 | D:2      | Reached ** piety under Trog
  2195 | D:2      | Found a shimmering altar of Xom.
  2316 | D:2      | Reached XP level 5. HP: 47/47 MP: 4/4
  2590 | D:2      | Reached skill level 5 in Fighting
  2675 | D:3      | Found a faded altar of an unknown god.
  3363 | D:4      | Found a staircase to the Ecumenical Temple.
  3925 | D:4      | Noticed a phantom
  3981 | D:4      | Reached XP level 6. HP: 56/56 MP: 5/5
  3984 | D:4      | Reached skill level 5 in Armour
  4434 | D:4      | Reached *** piety under Trog
  4509 | D:4      | Reached skill level 5 in Axes
  4513 | D:4      | Reached XP level 7. HP: 64/64 MP: 6/6
  5018 | D:5      | Entered Level 5 of the Dungeon
  5149 | D:5      | Noticed Grinder
  5167 | D:5      | Killed Grinder
  5236 | D:5      | Found a shimmering altar of Xom.
  5367 | D:5      | Reached XP level 8. HP: 71/73 MP: 7/7
  5383 | D:5      | Found a runed translucent door.
  5384 | D:5      | Noticed Crazy Yiuf
  5390 | D:5      | Killed Crazy Yiuf
  5536 | D:5      | Noticed Pikel
  5553 | D:5      | Killed Pikel
  5554 | D:5      | Reached skill level 5 in Dodging
  5909 | D:5      | Found an opulent altar of Gozag.
  5968 | D:5      | Noticed Edmund
  5991 | D:5      | Killed Edmund
  6417 | D:6      | Noticed Maggie
  6422 | D:6      | Reached XP level 9. HP: 83/83 MP: 8/8
  6429 | D:6      | Killed Maggie
  6479 | D:6      | Noticed a two-headed ogre
  6480 | D:6      | Noticed Blork the orc
  6497 | D:6      | Killed a two-headed ogre
  6498 | D:6      | Reached skill level 10 in Fighting
  6504 | D:6      | Killed Blork the orc
  6682 | D:6      | Noticed Duvessa
  6683 | D:6      | Noticed Dowan
  6692 | D:6      | Killed Duvessa
  6697 | D:6      | Reached skill level 10 in Armour
  6700 | D:6      | Killed Dowan
  7239 | D:7      | Reached **** piety under Trog
  7407 | D:7      | Reached XP level 10. HP: 94/94 MP: 9/9
  9666 | D:9      | Found a staircase to the Orcish Mines.
  9759 | D:9      | Reached ***** piety under Trog
 10051 | Orc:1    | Entered Level 1 of the Orcish Mines
 10278 | Orc:1    | Found a runed translucent gate.
 10278 | Orc:1    | Found a runed translucent gate.
 10283 | Orc:1    | Found a runed translucent gate.
 10283 | Orc:1    | Found an opulent altar of Gozag.
 10287 | Orc:1    | Noticed an orc knight
 10287 | Orc:1    | Noticed Almogavar's ghost (journeyman HOFi)
 10618 | Orc:1    | Killed Almogavar's ghost
 10619 | Orc:1    | Reached XP level 11. HP: 94/104 MP: 10/10
 10626 | Orc:1    | Killed an orc knight
 11036 | Orc:2    | Entered Level 2 of the Orcish Mines
 11051 | Orc:2    | Noticed Maurice
 11835 | Orc:2    | Killed Maurice
 11837 | Orc:2    | Noticed an orc knight
 11839 | Orc:2    | Noticed a two-headed ogre
 11840 | Orc:2    | Noticed an orc knight
 11903 | Orc:1    | HP: 5/106 [orc warrior/+0 short sword (8)]
 12306 | D:9      | Killed an orc knight
 12310 | D:9      | Killed an orc knight
 12691 | Orc:1    | Killed a two-headed ogre
 12994 | Orc:2    | Noticed a two-headed ogre
 12995 | Orc:2    | Noticed an orc knight
 13243 | Orc:1    | Killed a two-headed ogre
 13244 | Orc:1    | Reached skill level 10 in Axes
 13671 | Orc:2    | Noticed Nessos
 14014 | Orc:1    | Killed Nessos
 14217 | Orc:1    | Killed an orc knight
 16266 | Orc:1    | Reached XP level 12. HP: 76/115 MP: 11/11
 16961 | Orc:2    | Found a staircase to the Elven Halls.
 17212 | Orc:2    | Found a radiant altar of Vehumet.
 17231 | Orc:2    | Noticed a centaur warrior
 17243 | Orc:2    | Killed a centaur warrior
 17520 | Orc:2    | Found Ticeps's Weapon Shoppe.
 17520 | Orc:2    | Found Taonk's Armour Shop.
 17522 | Orc:2    | Found Gemyzyt's Book Boutique.
 17524 | Orc:2    | Found Vuedd's Gadget Emporium.
 17827 | Orc:1    | Found Cyub's Assorted Antiques.
 18392 | Orc:1    | Noticed a stone giant
 19196 | D:9      | Found a staircase to the Lair.
 19227 | Lair:1   | Entered Level 1 of the Lair of Beasts
 19232 | Lair:1   | Got a brightly glowing tower shield
 19351 | D:9      | Found a bloodstained altar of Trog.
 19562 | D:10     | Entered Level 10 of the Dungeon
 19917 | D:10     | Found a blossoming altar of Fedhas.
 20109 | D:10     | Found an opulent altar of Gozag.
 21021 | D:11     | Noticed a two-headed ogre
 21027 | D:11     | Killed a two-headed ogre
 21345 | D:11     | Noticed a boulder beetle
 21401 | D:10     | HP: 4/118 [boulder beetle (17)]
 21402 | D:10     | Mangled by a boulder beetle

Illustrated notes

Levels and vault maps discovered:
D:1:      dpeg_arrival_boxes_within_box, layout_basic
D:2:      layout_rooms, lemuel_round_altar, minmay_close_crescents, uniq_terence
D:3:      layout_loops_cross, chequers_ecumenical_altar_twisty
D:4:      layout_basic, minmay_temple_entry_statues
D:5:      layout_cave_pools, hangedman_feature_mirror, grunt_ministairs_1,
          uniq_edmund, uniq_grinder, uniq_crazy_yiuf_cottage, uniq_pikel
D:6:      layout_rooms, lemuel_flame_loot_1, uniq_duvessa, uniq_maggie,
          uniq_blork_the_orc
D:7:      layout_loops_ring, st_stairs_3
D:8:      layout_loops_ring
D:9:      layout_stronghold, tgw_trog, lair_entry_dummy,
          kennysheep_orc_monster_closet_entryway
D:10:     layout_basic, basic_altar, tgw_fedhas
D:11:     layout_basic
Lair:1:   layout_cave_pods, portal_ice_cave_entry_imps
Orc:1:    layout_caves, basic_altar, serial_shops, shop, ebering_ghost_gozag,
          mines5_lemuel
Orc:2:    st_orc_rangers, layout_caves, serial_shops, bzr_entry_lakeside,
          basic_altar, uniq_nessos, uniq_maurice

Skill      XL: |  1  2  3  4  5  6  7  8  9 10 11 12 |
---------------+-------------------------------------+-----
Fighting       | 4 5 6 7 9 10 12 13 14 | 14.4
Armour         | 3 4 5 6 8 10 11 13 14 | 14.1
Axes           | 4 5 6 7 9 10 | 10.8
Dodging        | 3 4 5 6 8 9 |  9.7

Action                   |  1- 3 |  4- 6 |  7- 9 | 10-12 || total
-------------------------+-------+-------+-------+-------++-------
Melee: Hand axe          |    44 |    36 |       |       ||    80
       Headbutt          |     3 |    18 |    32 |   150 ||   203
       War axe           |       |    80 |   183 |    16 ||   279
       Short sword       |       |     3 |       |       ||     3
       Battleaxe         |       |       |       |   565 ||   565
Throw: Stone             |       |    49 |    24 |   103 ||   176
       Dart              |       |       |       |     3 ||     3
Invok: Berserk           |     2 |     9 |    12 |    30 ||    53
       Trog's Hand       |       |       |     5 |     5 ||    10
       Brothers in Arms  |       |       |       |     5 ||     5
  Use: Scroll            |     3 |    11 |     7 |     6 ||    27
       Potion            |       |       |       |     9 ||     9
 Stab: Invisible         |       |       |       |     1 ||     1
Armor: Animal skin       |     5 |       |       |       ||     5
       Chain mail        |    21 |    68 |    51 |   360 ||   500
       Swamp dragon scal |       |       |    29 |    12 ||    41
Dodge: Dodged            |    22 |    63 |    90 |   688 ||   863
